 Dungeon Crawl Stone Soup version 0.31-a0-325-g067879e3d3 (webtiles) character file.

Game seed: 4569630142438188522

29363 Newt the Pandemonic (level 13, -2/110 HPs)
             Began as a Demonspawn Gladiator on July 17, 2023.
             Was a High Priest of Makhleb.
             Slain by a death yak (8 damage)
             ... in a Gauntlet on July 18, 2023.
             The game lasted 00:26:51 (18018 turns).

Newt the Pandemonic (Demonspawn Gladiator)         Turns: 18018, Time: 00:26:52

Health: -2/110     AC: 23    Str: 18    XL:     13   Next: 14%
Magic:  23/23      EV: 11    Int: 11    God:    Makhleb [*****.]
Gold:   679        SH:  0    Dex: 21    Spells: 9/12 levels left

rFire   + . .        L - +8 spear (vamp)
rCold   . . .        (no shield)
rNeg    . . .        F - +1 scale mail {rF+}
rPois   .            g - +2 helmet
rElec   .            p - +0 cloak
rCorr   .            (no gloves)
SInv    .            Q - +1 pair of boots {rampage}
Will    .....        (no amulet)
Stlth   +            z - +4 ring of protection
HPRegen 0.38/turn    C - +6 ring of dexterity
MPRegen 0.18/turn

%: no teleportation, rampage
@: mighty, slowed, very slow
A: claws 2, rugged brown scales 3, demonic guardian 1, powered by death 1
a: Renounce Religion, Minor Destruction, Lesser Servant of Makhleb, Major
Destruction, Greater Servant of Makhleb


You were in a Gauntlet.
You worshipped Makhleb.
Makhleb was extremely pleased with you.
You visited 3 branches of the dungeon, and saw 14 of its levels.
You also visited: Gauntlet and Volcano.

You collected 679 gold pieces.

Inventory:

Hand Weapons
 a - a +0 rapier
 w - a +2 hand axe of flaming
 L - a +8 vampiric spear (weapon)
 P - a +1 arbalest of flaming
Missiles
 d - a throwing net
 e - a javelin
 j - 14 poisoned darts
 o - 2 boomerangs
 u - 3 curare-tipped darts
Armour
 b - a +0 leather armour
 c - a +0 helmet
 g - a +2 helmet (worn)
 i - a +0 pair of boots
 p - a +0 cloak (worn)
 q - a +2 hat
 t - the +3 scale mail "Uzxah" {Fly Will- Int-5 Dex+8}
   (You found it on level 3 of the Dungeon)

   Int:       It affects your intelligence (-5).
   Dex:       It affects your dexterity (+8).
   Fly:       It grants you flight.
   Will:      It decreases your willpower.
 x - a +0 scale mail of willpower
 F - a +1 scale mail of fire resistance (worn)
 Q - a +1 pair of boots of rampaging (worn)
 R - a +1 cloak
Jewellery
 r - a ring of flight
 y - an amulet of faith
 z - a +4 ring of protection (left claw)
 C - a +6 ring of dexterity (right claw)
 E - a ring of see invisible
 H - a ring of magical power
Wands
 v - a wand of paralysis (6)
Scrolls
 O - 5 scrolls of teleportation
Potions
 f - a potion of berserk rage
 h - a potion of lignification
 k - 2 potions of curing
 l - a potion of magic
 m - a potion of degeneration
 n - a potion of haste
 A - a potion of mutation
 D - 2 potions of resistance
 G - a potion of ambrosia {unknown}
 I - a potion of enlightenment {unknown}
 J - 4 potions of brilliance
 K - 2 potions of attraction {unknown}
 N - 2 potions of cancellation {unknown}
 S - a potion of experience {unknown}
Miscellaneous
 M - a phantom mirror


   Skills:
 - Level 10.0 Fighting
 - Level 2.6 Short Blades
 - Level 7.8(9.5) Axes
 - Level 8.6(10.0) Polearms
 - Level 4.0 Throwing
 - Level 9.0 Armour
 - Level 2.6 Dodging
 - Level 2.0 Stealth
 - Level 14.0 Invocations
 + Level 5.2 Evocations


You had 9 spell levels left.
You knew the following spells:

 Your Spells              Type           Power      Damage    Failure   Level
a - Call Canine Familiar  Summ           0%         N/A       95%         3

Your spell library contained the following spells:

 Spells                   Type           Power      Damage    Failure   Level
 Magic Dart               Conj           0%         1d3       67%         1
 Shock                    Conj/Air       0%         1d3       67%         1
 Slow                     Hex            0%         N/A       67%         1
 Call Imp                 Summ           0%         N/A       80%         2
 Confusing Touch          Hex            0%         N/A       95%         3
 Mephitic Cloud           Conj/Pois/Air  0%         N/A       95%         3
 Portal Projectile        Hex/Tloc       0%         N/A       95%         3
 Swiftness                Air            0%         N/A       95%         3
 Vampiric Draining        Necr           0%         2d6       95%         3
 Airstrike                Air            0%         2d(0-16)  100%        4
 Leda's Liquefaction      Hex/Erth       0%         N/A       100%        4
 Passage of Golubria      Tloc           0%         N/A       100%        4
 Fireball                 Conj/Fire      0%         3d3       100%        5
 Iskenderun's Battlesphe  Conj           0%         2d6       100%        5
 Silence                  Hex/Air        0%         N/A       100%        5
 Conjure Ball Lightning   Conj/Air       0%         3x3d6     100%        6
 Orb of Destruction       Conj           0%         9d5       100%        7
 Lehudib's Crystal Spear  Conj/Erth      0%         10d2      100%        8


Dungeon Overview and Level Annotations

Branches:
Dungeon (9/15)             Temple (1/1) D:4            Lair (4/5) D:9
 Shoals (0/4) Lair:3        Snake (0/4) Lair:3          Orc (0/2) D:9
Volcano (visited)         Gauntlet (1/1)
  Slime: Lair:4-5

Altars:
Ashenzari
Cheibriados
Dithmenos
Fedhas
Gozag
Hepliaklqana
Kikubaaqudgha
Makhleb
Nemelex Xobeh
Okawaru
Qazlal
Ru
Sif Muna
Trog
Uskayaw
Vehumet
Wu Jian
Xom
Yredelemnul

Shops:
D:4 [

Annotations:
D:7 1 runed translucent door
Lair:4 1 runed translucent door, exclusion: oklob plant Gauntlet 11 transporters, 15 runed translucent doors


Innate Abilities, Weirdness & Mutations

You have very sharp fingernails.
You are completely covered in rugged brown scales. (AC +3, +7% HP)
A weak demonic guardian rushes to your aid.
You regenerate a little health from kills.


Message History

Aim: a death yak (chance to affect: 6%)
Okay, then.
You hit the death yak but do no damage.
The death yak is heavily wounded.
Your quasit bites the death yak but does no damage.
Your quasit claws the death yak but does no damage.
Your quasit barely misses the death yak.
The death yak gores you but does no damage.
The death yak gores your quasit.
Your quasit dies!
Your quasit disappears in a puff of smoke!
The death yak gores you but does no damage.
You hit the death yak.
You feel better.
The death yak is heavily wounded.
Unknown command.
You puncture the death yak!
You feel better.
The death yak is severely wounded.
The death yak gores you!
* * * LOW HITPOINT WARNING * * *
The death yak closely misses you.
Unknown command.
You puncture the death yak!
You feel better.
The death yak is severely wounded.
The death yak gores you but does no damage. x2
Unknown command.
You hit the death yak.
The death yak is severely wounded.
You feel yourself slow down.
Unknown command.
You barely miss the death yak.
The death yak is severely wounded.
The death yak gores you but does no damage.
The death yak barely misses you.
Unknown command.
You puncture the death yak!
The death yak is almost dead.
The death yak gores you!!
* * * LOW HITPOINT WARNING * * *
A demonic guardian appears!
The death yak gores you!
You die...

#8# #8#..#.#.#..#.
###########..#.#)...#.
#8#..........#.#z..###
#####..........#.#zz....
#≈.....#########.#######
#8#......#©........#≈≈≈≈8≈
###..#############.#######
#..#..+.w5+..#.#.#......
#..#..+@Y.+..#.#.#.##.##
#..#++#Y#Y#++#.#.#......
≈8§#..#..+Y..'..#.#.#.#.##.
#.§§#..#..+...'..#.#©#©..#©.
..8.####++#...#''#.###..##.#
##.....©#..#+++#..#...#..#†.#
...8.####.........#...#.##.##
#...#..#..!.©[?..#...#......
#.8.#§§###########...#######


You could see 4 death yaks, a torpor snail (ally target) and a friendly white
imp (summoned).

Vanquished Creatures
  Kirke (Lair:3)
  A red draconian (Volcano)
  2 death yaks (Gauntlet)
  Nergalle (Lair:3)
  A manticore (Lair:3)
  A salamander (Lair:3)
  6 elephants (Lair:4)
  6 black mambas
  4 cane toads
  A smoke demon (Gauntlet)
  5 rime drakes
  9 komodo dragons
  2 yaktaurs (Volcano)
  A polar bear (Lair:2)
  Grinder (D:4)
  A wind drake (Lair:3)
  A slime creature (Lair:3)
  20 yaks
  6 hogs (Lair:2)
  A wraith (D:9)
  2 basilisks
  2 fire elementals (Lair:2)
  2 wyverns
  6 fire bats
  Menkaure (D:6)
  3 swamp worms (Gauntlet)
  12 water moccasins
  4 acid dragons
  2 orc warriors
  2 sky beasts (D:7)
  3 black bears
  3 ice beasts
  2 ogres (D:6)
  4 centaurs
  11 wolves
  11 bullfrogs
  2 gnoll sergeants (D:7)
  4 scorpions (D:7)
  5 wights
  9 killer bees
  3 electric eels
  A howler monkey (D:8)
  10 lava snakes
  3 crimson imps (Gauntlet)
  3 hounds
  6 jellies
  5 orc priests
  An iguana (D:5)
  A sleepcap (D:7)
  9 orc wizards
  5 hell rats (Lair:2)
  2 adders (D:2)
  8 gnolls (D:7)
  A shadow imp (D:7)
  3 white imps
  A worm (D:4)
  A dart slug (D:2)
  43 orcs
  11 bats
  26 endoplasms
  8 giant cockroaches
  5 goblins
  8 hobgoblins
  3 quokkas
  5 ball pythons
  2 frilled lizards
  4 kobolds
  5 rats
  A butterfly (D:7)
345 creatures vanquished.

Vanquished Creatures (collateral kills)
  A centaur warrior (Volcano)
  2 molten gargoyles (Volcano)
  A basilisk (Lair:3)
  A wyvern (D:9)
  Blork the orc (D:6)
  2 killer bees
  An orc (D:8)
  A hobgoblin (D:2)
  A kobold (D:3)
11 creatures vanquished.

Vanquished Creatures (others)
  An iguana (D:6)
1 creature vanquished.

Grand Total: 357 creatures vanquished

Notes
Turn   | Place    | Note
-------+----------+-------------------------------------------
     0 | D:1      | Newt the Demonspawn Gladiator began the quest for the Orb.
     0 | D:1      | Reached XP level 1. HP: 16/16 MP: 1/1
   157 | D:1      | Gained mutation: A weak demonic guardian rushes to your
                  | aid. [demonic ancestry]
   157 | D:1      | Reached XP level 2. HP: 23/23 MP: 2/2
   926 | D:2      | Reached XP level 3. HP: 29/29 MP: 3/3
  1719 | D:3      | Gained mutation: You regenerate a little health from kills.
                  | [demonic ancestry]
  1719 | D:3      | Reached XP level 4. HP: 25/37 MP: 4/4
  2043 | D:3      | Gained mutation: You are partially covered in rugged brown
                  | scales. (AC +1, +3% HP) [demonic ancestry]
  2043 | D:3      | Reached XP level 5. HP: 18/43 MP: 5/5
  2476 | D:3      | Identified the +3 scale mail "Uzxah" {Fly Will- Int-5
                  | Dex+8}
  2590 | D:3      | Found a shimmering blue altar of Sif Muna.
  2785 | D:4      | Noticed Grinder
  2790 | D:4      | Paralysed by Grinder for 3 turns
  2796 | D:4      | Paralysed by Grinder for 4 turns
  2810 | D:4      | Killed Grinder
  2811 | D:4      | Reached XP level 6. HP: 35/51 MP: 6/6
  2883 | D:4      | Reached skill level 5 in Fighting
  3222 | D:4      | Found a staircase to the Ecumenical Temple.
  3243 | D:4      | You are sucked into a shaft and drop 3 floors!
  3245 | D:7      | Noticed an orc warrior
  3245 | D:7      | Noticed an ice beast
  3267 | D:7      | Killed an orc warrior
  3288 | D:7      | Killed an ice beast
  3289 | D:7      | Reached skill level 1 in Evocations
  3289 | D:7      | Gained mutation: You have sharp fingernails. [demonic
                  | ancestry]
  3289 | D:7      | Reached XP level 7. HP: 29/59 MP: 7/7
  3680 | D:6      | Noticed Menkaure
  3684 | D:6      | Killed Menkaure
  3685 | D:6      | Reached skill level 1 in Axes
  3842 | D:6      | Noticed Blork the orc
  3856 | D:6      | Killed Blork the orc
  3969 | D:6      | Found a sparkling altar of Nemelex Xobeh.
  3982 | D:6      | Reached XP level 8. HP: 62/65 MP: 8/8
  4169 | D:5      | Entered Level 5 of the Dungeon
  4203 | D:5      | Reached skill level 5 in Axes
  4403 | D:5      | Reached skill level 1 in Armour
  4719 | Temple   | Entered the Ecumenical Temple
  4727 | Temple   | Became a worshipper of Makhleb the Destroyer
  4782 | D:4      | Found Eskebrasch's Armour Shoppe.
  5627 | D:6      | Found a blossoming altar of Fedhas.
  5718 | D:6      | Found an iron altar of Okawaru.
  6455 | D:6      | HP: 2/56 [wight/+4 falchion (2)]
  6938 | D:7      | Reached XP level 9. HP: 37/58 MP: 9/9
  7072 | D:7      | Reached skill level 5 in Armour
  7379 | D:7      | Found a runed translucent door.
  7380 | D:7      | Found a runed translucent door.
  7577 | D:7      | Reached * piety under Makhleb
  7668 | D:7      | Found a large runed translucent door.
  7668 | D:7      | Found a large runed translucent door.
  7734 | D:7      | Found a sacrificial altar of Ru.
  7756 | D:7      | Found a broken altar of Ashenzari.
  7855 | D:8      | Reached skill level 1 in Polearms
  7872 | D:8      | Found a stormy altar of Qazlal.
  8038 | D:8      | Learned a level 3 spell: Call Canine Familiar
  8687 | D:9      | Reached skill level 5 in Polearms
  8971 | D:9      | Reached XP level 10. HP: 29/78 MP: 10/10
  8977 | D:9      | Reached ** piety under Makhleb
  9849 | D:9      | Found a staircase to the Lair.
 10110 | D:9      | Found a staircase to the Orcish Mines.
 10550 | Lair:1   | Entered Level 1 of the Lair of Beasts
 10566 | Lair:1   | Noticed a cane toad
 10569 | Lair:1   | Noticed a black mamba
 10583 | Lair:1   | HP: 2/78 [poisoned by a black mamba]
 10938 | Lair:1   | Upgraded the game from 0.31-a0-319-g4fced400ed to
                  | 0.31-a0-321-g19405a7a6a
 11116 | Lair:1   | Killed a black mamba
 11153 | Lair:1   | Killed a cane toad
 11504 | Lair:1   | Noticed a black mamba
 11518 | Lair:1   | Killed a black mamba
 11804 | Lair:1   | Noticed a black mamba
 11811 | Lair:1   | Killed a black mamba
 12193 | Lair:2   | Gained mutation: You are mostly covered in rugged brown
                  | scales. (AC +2, +5% HP) [demonic ancestry]
 12193 | Lair:2   | Reached XP level 11. HP: 78/85 MP: 11/11
 12444 | Lair:2   | Reached *** piety under Makhleb
 12524 | Lair:2   | Found a dark tunnel.
 12533 | Volcano  | Entered a volcano
 13062 | Volcano  | Found a burning altar of Makhleb.
 13062 | Volcano  | Noticed a centaur warrior
 13075 | Volcano  | Killed a centaur warrior
 13099 | Volcano  | Noticed a red draconian
 13142 | Volcano  | Killed a red draconian
 14071 | Lair:2   | Reached skill level 10 in Fighting
 14400 | Lair:3   | Reached skill level 1 in Invocations
 14424 | Lair:2   | Reached skill level 2 in Invocations
 14458 | Lair:2   | Reached skill level 3 in Invocations
 14458 | Lair:2   | Gained mutation: You have very sharp fingernails. [demonic
                  | ancestry]
 14458 | Lair:2   | Reached XP level 12. HP: 41/101 MP: 12/14
 14644 | Lair:2   | Reached skill level 4 in Invocations
 14663 | Lair:2   | Reached **** piety under Makhleb
 14664 | Lair:2   | Reached skill level 5 in Invocations
 14693 | Lair:2   | Reached skill level 6 in Invocations
 14826 | Lair:2   | Reached skill level 7 in Invocations
 14862 | Lair:2   | Reached skill level 8 in Invocations
 15398 | Lair:3   | Reached skill level 9 in Invocations
 15422 | Lair:3   | Noticed Kirke
 15603 | Lair:3   | Killed Kirke
 15604 | Lair:3   | Reached skill level 10 in Invocations
 16062 | Lair:3   | Reached skill level 11 in Invocations
 16115 | Lair:3   | Found a staircase to the Shoals.
 16283 | Lair:3   | Reached ***** piety under Makhleb
 16302 | Lair:3   | Noticed Nergalle
 16327 | Lair:3   | Killed Nergalle
 16328 | Lair:3   | Reached skill level 12 in Invocations
 16625 | Lair:3   | Found a staircase to the Snake Pit.
 17019 | Lair:4   | Upgraded the game from 0.31-a0-321-g19405a7a6a to
                  | 0.31-a0-325-g067879e3d3
 17051 | Lair:4   | Found a shimmering altar of Xom.
 17094 | Lair:4   | Identified the +4 longbow of the Lair of Beasts {freeze,
                  | *Slow rPois Will+ Int+4}
 17191 | Lair:4   | Reached skill level 13 in Invocations
 17271 | Lair:4   | Found a runed translucent door.
 17438 | Lair:4   | Reached skill level 14 in Invocations
 17438 | Lair:4   | Gained mutation: You are completely covered in rugged brown
                  | scales. (AC +3, +7% HP) [demonic ancestry]
 17438 | Lair:4   | Reached XP level 13. HP: 101/110 MP: 23/23
 17497 | Lair:4   | Found a gate leading to a gauntlet.
 17510 | Gauntlet | Entered a Gauntlet
 17510 | Gauntlet | Found a transporter.
 17510 | Gauntlet | Found a transporter.
 17515 | Gauntlet | Found a transporter.
 17530 | Gauntlet | Found a transporter.
 17544 | Gauntlet | Found a transporter.
 17557 | Gauntlet | Found a transporter.
 17559 | Gauntlet | Found a large runed translucent door.
 17559 | Gauntlet | Found a large runed translucent door.
 17560 | Gauntlet | Found a large runed translucent door.
 17560 | Gauntlet | Found a large runed translucent door.
 17561 | Gauntlet | Found a large runed translucent door.
 17561 | Gauntlet | Found a large runed translucent door.
 17561 | Gauntlet | Found a runed translucent door.
 17561 | Gauntlet | Found a runed translucent door.
 17561 | Gauntlet | Found a large runed translucent door.
 17562 | Gauntlet | Found a large runed translucent door.
 17569 | Gauntlet | Found a large runed translucent door.
 17569 | Gauntlet | Found a large runed translucent door.
 17570 | Gauntlet | Found a large runed translucent door.
 17570 | Gauntlet | Found a large runed translucent door.
 17571 | Gauntlet | Found a large runed translucent door.
 17571 | Gauntlet | Found a large runed translucent door.
 17634 | Gauntlet | Found a transporter.
 17649 | Gauntlet | Found a transporter.
 17665 | Gauntlet | Found a transporter.
 17678 | Gauntlet | Found a transporter.
 17697 | Gauntlet | Found a transporter.
 17764 | Gauntlet | Found a transporter.
 17780 | Gauntlet | Found a transporter.
 17780 | Gauntlet | Found a large runed translucent door.
 17781 | Gauntlet | Found a large runed translucent door.
 17783 | Gauntlet | Found a runed translucent gate.
 17784 | Gauntlet | Found a transporter.
 17784 | Gauntlet | Found a runed translucent gate.
 17785 | Gauntlet | Found a runed translucent gate.
 17808 | Gauntlet | Found a transporter.
 17818 | Gauntlet | Found a transporter.
 18007 | Gauntlet | Reached skill level 5 in Evocations
 18018 | Gauntlet | Slain by a death yak

Illustrated notes

Levels and vault maps discovered:
D:1:      tarquinn_simple_flora_water_f, layout_loops_ring,
          kennysheep_flooded_box, minmay_misc_feat_encased, kennysheep_boxes
D:2:      layout_loops_ring
D:3:      layout_basic, led_sif_pool
D:4:      layout_cave_pods, minmay_temple_entry_mist, serial_shops,
          kennysheep_little_box, uniq_grinder
D:5:      layout_rooms, serial_co_window_serial, co_window_paths_a,
          co_window_paths_a, co_window_of_opportunity_a, co_window_cross_1,
          co_window_cross_1, co_window_corner_cb, co_window_broadway_b,
          co_window_broadway_c, co_window_sun, glass_columns_a, glass_columns_b,
          glass_columns_b, glass_columns_a, glass_columns_a,
          chequers_serial_rivers_micro_d, chequers_mini_garden,
          minmay_checkerbox
D:6:      minmay_spotlight, layout_cave_pods, mainiacjoe_overflow_brackets,
          lemuel_tele_altar, okawaru_gym_becter, grunt_decor_fettered,
          lemuel_flame_loot_1, uniq_menkaure, uniq_blork_the_orc
D:7:      lemuel_insect_pit, layout_basic, jmf_multi_god_temple2
D:8:      layout_layer_cave, grunt_qazlal_clouds
D:9:      layout_irregular_city, lemuel_doored_altar, erik_lair_dragon,
          minmay_orc_entry_temple_small, minmay_crystal_water,
          chequers_serial_rivers_room_a
Temple:   nicolae_temple_two_arcs
Lair:1:   layout_cave_pods
Lair:2:   layout_loops_ring, enter_volcano_1, serial_bayou_ford_a
Lair:3:   lemuel_slime, layout_gridlike, minmay_shoals_entry_beasts,
          nicolae_snake_entry_warm_welcome, uniq_nergalle, uniq_kirke
Lair:4:   gammafunk_mikee_crab_dinner, layout_regular_city, basic_altar,
          gauntlet_entry_generic, lemuel_fruit_tree
Gauntlet: gammafunk_gauntlet_branching [nicolae_gauntlet_arena_flowing_pool,
          gammafunk_gauntlet_arena_crates, gammafunk_gauntlet_arena_corners,
          gammafunk_gauntlet_arena_split_x, nicolae_gauntlet_arena_grate_2,
          nicolae_gauntlet_arena_t_cross, nicolae_gauntlet_arena_x,
          minmay_gauntlet_arena_make_your_own_arena,
          nicolae_gauntlet_exit_dead_adventurers]

Skill      XL: |  1  2  3  4  5  6  7  8  9 10 11 12 13 |
---------------+----------------------------------------+-----
Fighting       | 3 4 6 10 | 10.0
Throwing       | 2 3 4 |  4.0
Stealth        | 2 |  2.0
Evocations     | 1 3 5 |  5.2
Axes           | 4 6 7 |  7.8
Armour         | 4 5 7 9 |  9.0
Polearms       | 5 8 |  8.6
Invocations    | 3 14 | 14.0
Short Blades   | |  2.6
Dodging        | |  2.6

Action                     |  1- 3 |  4- 6 |  7- 9 | 10-12 | 13-15 || total
---------------------------+-------+-------+-------+-------+-------++-------
  Melee: Rapier            |   153 |   128 |       |       |       ||   281
         Punch             |     2 |       |     5 |    20 |     2 ||    29
         Hand axe          |       |       |   265 |       |       ||   265
         Spear             |       |       |   136 |  1285 |   122 ||  1543
         Unarmed           |       |       |       |    18 |       ||    18
  Throw: Javelin           |       |     2 |       |       |       ||     2
         Boomerang         |       |    13 |       |       |       ||    13
         Dart              |       |     7 |       |       |       ||     7
         Throwing net      |       |     1 |     1 |     5 |       ||     7
 Invoke: Lesser Servant of |       |       |       |       |     1 ||     1
  Evoke: Wand              |       |    10 |     3 |     3 |       ||    16
    Use: Scroll            |     4 |     1 |    13 |     5 |     2 ||    25
         Potion            |       |       |     1 |     6 |     2 ||     9
   Stab: Sleeping          |     1 |       |     1 |     3 |       ||     5
         Paralysed         |       |     3 |       |       |       ||     3
         Held in net/web   |       |       |     2 |     3 |       ||     5
         Distracted        |       |       |       |     5 |       ||     5
 Armour: Leather armour    |    60 |    31 |       |       |       ||    91
         Scale mail        |       |    26 |   276 |   540 |    47 ||   889
  Dodge: Dodged            |   107 |    65 |   296 |   496 |    37 ||  1001

Table legend: (Time is in decaauts)
 A = Elapsed time spent in this place.
 B = Non-inter-level travel time spent in this place.
 C = Inter-level travel time spent in this place.
 D = Time resting spent in this place.
 E = Time spent auto-exploring this place.
 F = Levels seen in this place.
 G = Mean time per level.
                   A        B        C        D        E       F      G
               +--------+--------+--------+--------+--------+-----+--------+
         Total |  17460 |  16686 |    774 |   4838 |   8474 |  16 | 1091.2 |
       Dungeon |  10490 |   9851 |    639 |   2521 |   5689 |   9 | 1165.6 |
        Temple |     16 |      1 |     15 |      0 |      0 |   1 |   16.0 |
          Lair |   5266 |   5147 |    119 |   1954 |   1842 |   4 | 1316.5 |
       Volcano |   1213 |   1213 |      0 |    363 |    645 |   1 | 1213.0 |
      Gauntlet |    473 |    473 |      0 |      0 |    297 |   1 |  473.0 |
               +--------+--------+--------+--------+--------+-----+--------+

Top non-repeatable levels by time:
     D:6: 1950 daAuts
     D:9: 1839 daAuts
  Lair:2: 1804 daAuts
  Lair:1: 1558 daAuts
  Lair:3: 1500 daAuts
     D:7: 1410 daAuts
 Volcano: 1213 daAuts
     D:3: 1114 daAuts
     D:4: 878 daAuts
     D:2: 858 daAuts
     D:8: 831 daAuts
     D:5: 807 daAuts
     D:1: 800 daAuts
Gauntlet: 473 daAuts
  Lair:4: 402 daAuts
